 Dungeon Crawl Stone Soup version 0.32-a0-891-gc41d80381e (webtiles) character file.

Game seed: 17613066930344233928

18 Jinxx the Chiller (level 2, -1/19 HPs)
             Began as a Demonspawn Ice Elementalist on Apr 3, 2024.
             Succumbed to a kobold's poison
             ... on level 1 of the Dungeon.
             The game lasted 00:02:19 (683 turns).

Jinxx the Chiller (Demonspawn Ice Elementalist)      Turns: 683, Time: 00:02:19

Health: -1/19      AC:  2    Str:  8    XL:     2   Next: 51%
Magic:  5/5        EV: 13    Int: 15    God:
Gold:   81         SH:  0    Dex: 13    Spells: 4/5 levels left

rFire   . . .        c - +0 short sword
rCold   . . .        (no shield)
rNeg    . . .        a - +0 robe
rPois   .            (no helmet)
rElec   .            (no cloak)
rCorr   .            (no gloves)
SInv    .            (no boots)
Will    .....        (no amulet)
Stlth   ++           (no ring)
HPRegen 0.23/turn    (no ring)
MPRegen 0.09/turn

%: no passive effects
@: lethally poisoned (-1 -> -9)
A: repulsion field 1
a: no special abilities


You were on level 1 of the Dungeon.
You visited 1 branch of the dungeon, and saw 1 of its levels.

You collected 81 gold pieces.

Inventory:

Hand Weapons
 c - a +0 short sword (weapon)
Missiles
 d - 7 stones
Armour
 a - a +0 robe (worn)
Scrolls
 e - a scroll of identify {unknown}
 f - a scroll of silence {unknown}
Potions
 b - 2 potions of magic


   Skills:
 + Level 0.3 Fighting
 * Level 0.5 Armour
 * Level 2.1 Dodging
 + Level 1.9 Stealth
 * Level 2.2 Spellcasting
 * Level 3.7 Ice Magic


You had 4 spell levels left.
You knew the following spells:

 Your Spells              Type           Power      Damage    Failure   Level
a - Freeze                Ice            52%        1d6       4%          1

Your spell library contained the following spells:

 Spells                   Type           Power      Damage    Failure   Level
 Frozen Ramparts          Ice            26%        1d4       14%         3
 Ozocubu's Armour         Ice            13%        N/A       14%         3
 Sandblast                Erth           2%         2d4       22%         1
 Summon Ice Beast         Ice/Summ       7%         N/A       30%         3
 Stone Arrow              Conj/Erth      2%         3d7       54%         3
 Brom's Barrelling Bould  Conj/Erth      1%         2d3       91%         4


Dungeon Overview and Level Annotations

Branches:
Dungeon (1/15)

Altars:


Innate Abilities, Weirdness & Mutations

You are surrounded by a mild repulsion field. (EV +2)


Message History

The endoplasm is almost dead.
The endoplasm freezes you.
You are frozen.
You barely miss the endoplasm.
The endoplasm is almost dead.
The endoplasm hits you.
You barely miss the endoplasm.
The endoplasm is almost dead.
The endoplasm hits you but does no damage.
You hit the endoplasm.
You kill the endoplasm!
No target in view!
Found a sling.
No target in view!
A kobold comes into view. It is wielding a +2 dagger of venom.
Found a dagger.
The kobold shouts!
You hit the kobold but do no damage.
The kobold hits you with a +2 dagger of venom.
You are poisoned.
You hit the kobold but do no damage.
You feel sick. The kobold barely misses you.
You hit the kobold.
The kobold is heavily wounded.
You feel sick.
The kobold hits you with a +2 dagger of venom.
You are lethally poisoned!
You hit the kobold.
You kill the kobold!
You feel very sick.
You are too injured to fight recklessly!
You are too injured to fight recklessly!
* * * LOW HITPOINT WARNING * * *
You feel very sick.
Things that are here:
a +2 dagger of venom; a kobold corpse
Okay, then.
* * * LOW HITPOINT WARNING * * *
You feel very sick.
You die...

##########
.........###########
.#.................#
.#..####.#......)..#
.#>.####.#.........#
.#.................####
.....###.#............#
#....# #......@..# .#
##.#.#.. #....)....# .#
#..#.#.# #.........# .#
..##.#.# #.........##.#
####.#.# #####.#......#
#.#.# #..#.#...##
##.#.# #.##.###.#
###..#.### #.##.# #.#
.........# ##.##.# #.#


There were no monsters in sight!

Vanquished Creatures
  A dart slug (D:1)
  A bat (D:1)
  2 endoplasms (D:1)
  A giant cockroach (D:1)
  A hobgoblin (D:1)
  3 kobolds (D:1)
  3 ball pythons (D:1)
  2 frilled lizards (D:1)
  2 rats (D:1)
16 creatures vanquished.

Notes
Turn   | Place    | Note
-------+----------+-------------------------------------------
     0 | D:1      | Jinxx the Demonspawn Ice Elementalist began the quest for
                  | the Orb.
     0 | D:1      | Reached XP level 1. HP: 13/13 MP: 3/3
   266 | D:1      | Gained mutation: You are surrounded by a mild repulsion
                  | field. (EV +2) [demonic ancestry]
   266 | D:1      | Reached XP level 2. HP: 19/19 MP: 5/5
   354 | D:1      | Found a faded altar of an unknown god.
   683 | D:1      | Succumbed to a kobold's poison

Illustrated notes

Levels and vault maps discovered:
D:1:      matt_arrival_refuge, layout_loops_ring,
          ebering_ecumenical_altar_sacrificial, hangedman_decor_push

Skill      XL: |  1  2 |
---------------+-------+-----
Dodging        | 2 |  2.1
Fighting       | |  0.3
Armour         | |  0.5
Stealth        | |  1.9
Spellcasting   | |  2.2
Ice Magic      | |  3.7

Action                     || total
---------------------------++-------
  Melee: Short sword       ||    34
         Unarmed           ||     5
   Cast: Freeze            ||     8
   Stab: Sleeping          ||     4
 Armour: Robe              ||    11
  Dodge: Dodged            ||    20

Table legend: (Time is in decaauts)
 A = Elapsed time spent in this place.
 B = Non-inter-level travel time spent in this place.
 C = Inter-level travel time spent in this place.
 D = Time resting spent in this place.
 E = Time spent auto-exploring this place.
 F = Levels seen in this place.
 G = Mean time per level.
                   A        B        C        D        E       F      G
               +--------+--------+--------+--------+--------+-----+--------+
         Total |    682 |    682 |      0 |     67 |    480 |   1 |  682.0 |
       Dungeon |    682 |    682 |      0 |     67 |    480 |   1 |  682.0 |
               +--------+--------+--------+--------+--------+-----+--------+

Top non-repeatable levels by time:
     D:1: 682 daAuts
